 Dungeon Crawl Stone Soup version 0.23.0 (webtiles) character file.

Game seed: 2874868115429474898

10196 Terandir the Cleaver (level 11, 0/95 HPs)
             Began as a Minotaur Fighter on Feb 11, 2019.
             Was a Priest of Cheibriados.
             Killed by divine providence
             ... invoked by an orc priest
              (15 damage)
             ... on level 10 of the Dungeon.
             The game lasted 00:18:57 (6602 turns).

Terandir the Cleaver (Minotaur Fighter)             Turns: 6602, Time: 00:18:57

Health: 0/95       AC: 21    Str: 29    XL:     11   Next: 33%
Magic:  13/13      EV:  9    Int: 12    God:    Cheibriados [***...]
Gold:   512        SH: 19    Dex: 19    Spells: 13/14 levels left

rFire    . . .     SeeInvis .   A - +1 war axe (drain)
rCold    . . .     Gourm    .   I - +0 large shield
rNeg     . . .     Faith    .   B - +0 plate armour
rPois    +         Spirit   .   (helmet restricted)
rElec    .         Reflect  .   m - +2 cloak
rCorr    .         Harm     .   q - +0 pair of gloves
MR       +....                  (no boots)
Stlth    ..........             (no amulet)
HPRegen  0.25/turn              s - +3 ring of protection
MPRegen  0.13/turn              z - ring of the Firefly {rPois MR+ Slay+4}

@: marked, very slow
A: retaliatory headbutt, horns 2
a: Bend Time, Temporal Distortion, Renounce Religion


You were on level 10 of the Dungeon.
You worshipped Cheibriados.
Cheibriados was most pleased with you.
You were very hungry.

You visited 2 branches of the dungeon, and saw 11 of its levels.

You collected 512 gold pieces.

Inventory:

Hand Weapons
 a - a +0 war axe
 A - a +1 war axe of draining (weapon)
Armour
 m - a +2 cloak (worn)
 q - a +0 pair of gloves (worn)
 B - a +0 plate armour (worn)
 I - a +0 large shield (worn)
Jewellery
 d - an uncursed ring of fire
 h - the ring of Maphyrch {rC++ MP+9 Dex-5 SInv Stlth+}
   (You found it on level 5 of the Dungeon)

   [ring of see invisible]

   It affects your dexterity (-5).
   It greatly protects you from cold.
   It affects your magic capacity (+9).
   It lets you see invisible.
   It makes you more stealthy.
 s - a +3 ring of protection (left hand)
 v - an uncursed ring of wizardry
 z - the ring of the Firefly (right hand) {rPois MR+ Slay+4}
   (You found it on level 5 of the Dungeon)

   [ring of slaying]

   It affects your accuracy and damage with ranged weapons and melee attacks
   (+4).
   It protects you from poison.
   It affects your resistance to hostile enchantments.
Wands
 x - a wand of clouds (7)
 D - a wand of digging (10)
Scrolls
 i - 4 scrolls of remove curse
 j - 3 scrolls of fog
 p - 2 scrolls of amnesia
 r - 3 scrolls of teleportation
 t - 2 scrolls of blinking
 y - a scroll of fear {unknown}
Potions
 b - a potion of cancellation
 c - a potion of might
 e - 3 potions of brilliance
 g - 2 potions of mutation
 k - 3 potions of heal wounds
 l - a potion of resistance
 n - 4 potions of curing
 o - a potion of berserk rage
 u - a potion of ambrosia
 w - a potion of magic {unknown}
 C - 2 potions of haste
 E - a potion of degeneration {unknown}
 F - 2 potions of flight {unknown}
 G - a potion of invisibility {unknown}
Comestibles
 f - 17 rations


   Skills:
 * Level 8.4 Fighting
 * Level 12.9 Axes
 * Level 8.6 Armour
 * Level 6.0 Dodging
 * Level 9.6 Shields
 * Level 2.2 Spellcasting
 * Level 2.1 Hexes
 * Level 2.8 Invocations


You had 13 spell levels left.
You knew the following spells:

 Your Spells              Type           Power        Failure   Level  Hunger
a - Confusing Touch       Hex            #.....       100%        1    ##.....

Your spell library contained the following spells:

 Spells                   Type           Power        Failure   Level  Hunger
 Animate Skeleton         Necr           N/A          100%        1    ##.....
 Apportation              Tloc           #.....       100%        1    ##.....
 Summon Small Mammal      Summ           #...         100%        1    ##.....


Dungeon Overview and Level Annotations

Branches:
Dungeon (10/15)            Temple (1/1) D:7
   Lair: D:8-11         Orc: D:9-12

Altars:
Ashenzari
Cheibriados
Dithmenos
Elyvilon
Fedhas
Gozag
Hepliaklqana
Kikubaaqudgha
Makhleb
Nemelex Xobeh
Okawaru
Qazlal
Ru
Sif Muna
Trog
Uskayaw
Vehumet
Wu Jian
Xom
Yredelemnul
Zin
The Shining One

Shops:
D:8 %


Innate Abilities, Weirdness & Mutations

You reflexively headbutt those who attack you in melee.
You have a pair of horns on your head.


Message History

You hit the warg. You hit the two-headed ogre. You completely miss something.
You hit the yak but do no damage. You hit the yak. You drain the yak.
You slash the yak!
You are engulfed in a cloud of scalding steam.
* * * LOW HITPOINT WARNING * * *
The centaur is engulfed in a cloud of scalding steam.
The centaur shoots an arrow.
You block the arrow. You block the warg's attack.
A sky beast appears from thin air!
Reactivating autopickup.
The two-headed ogre hits you with a +0 giant club.
* * * LOW HITPOINT WARNING * * *
You block the two-headed ogre's attack.
The yak gores you but does no damage. x2
You block something's attack.
Deactivating autopickup; reactivate with Ctrl-A.
The yak barely misses you. You furiously retaliate!
You headbutt the yak!
You kill the yak!
Cheibriados appreciates the change of pace.
The orc priest invokes the aid of Beogh against you.
Beogh smites you!
You die...

...#......#..
..........#.
#.........o
..........#
..........#
.......§hY#
.....cY{Oh###
......§§@<..#
.....§§)YY...#
#.......###..#
##......#
#....
........#
.#...
..##..>.# . ..
. #.....# Y .
....... ..


You could see a two-headed ogre, 2 yaks, 2 wargs, an ice beast, a sky beast, a
centaur and an orc priest.

Vanquished Creatures
  2 two-headed ogres (D:10)
  2 ugly things
  The ghost of DavidChitty2 the Chopper, a novice MiBe of Trog (D:5)
  Joseph (D:8)
  A hornet (D:10)
  3 hippogriffs
  3 yaks (D:10)
  3 hungry ghosts
  A human (D:7)
  Eustachio (D:6)
  A steam dragon (D:10)
  4 hogs (D:7)
  3 orc warriors
  A necrophage (D:9)
  3 ice beasts
  4 phantoms
  A black bear (D:8)
  4 ogres
  5 centaurs
  A big kobold (D:8)
  5 bullfrogs
  3 scorpions
  15 killer bees
  9 wights
  4 howler monkeys (D:7)
  2 crimson imps
  A centaur zombie (D:5)
  2 quasits
  Crazy Yiuf (D:5)
  A bullfrog zombie (D:8)
  3 jellies
  9 orc wizards
  4 orc priests
  2 centaur skeletons
  An iguana (D:8)
  6 worker ants
  A hound zombie (D:6)
  3 hound skeletons
  6 gnolls (D:8)
  7 adders
  An ooze (D:3)
  2 adder zombies
  2 worms
  A dart slug (D:1)
  2 leopard geckos
  26 orcs
  6 bats
  3 giant cockroaches
  5 hobgoblins
  7 jackals
  6 quokkas
  A ball python (D:4)
  4 frilled lizards
  4 goblins
  A jackal skeleton (D:5)
  2 jackal zombies (D:5)
  13 kobolds
  2 leopard gecko skeletons
  A quokka skeleton (D:8)
  6 rats
225 creatures vanquished.

Notes
Turn   | Place    | Note
-------+----------+-------------------------------------------
     0 | D:1      | Terandir the Minotaur Fighter began the quest for the Orb.
     0 | D:1      | Reached XP level 1. HP: 19/19 MP: 0/0
   293 | D:1      | Reached XP level 2. HP: 26/27 MP: 1/1
  1144 | D:2      | Reached XP level 3. HP: 32/33 MP: 2/2
  1353 | D:3      | Reached skill level 3 in Axes
  1593 | D:3      | Reached skill level 1 in Dodging
  1839 | D:4      | Noticed an ogre
  1848 | D:4      | Killed an ogre
  1848 | D:4      | Reached skill level 4 in Axes
  1848 | D:4      | Reached XP level 4. HP: 11/40 MP: 3/3
  1848 | D:4      | Reached XP level 5. HP: 12/46 MP: 4/4
  2551 | D:4      | Reached skill level 5 in Axes
  2901 | D:4      | Reached XP level 6. HP: 50/53 MP: 5/5
  2946 | D:5      | Entered Level 5 of the Dungeon
  2948 | D:5      | Noticed DavidChitty2's ghost (novice MiBe)
  2952 | D:5      | Identified the +7 dire flail "Pakucw" {elec, Dex+3}
  3019 | D:5      | Reached skill level 5 in Shields
  3036 | D:5      | Found a shadowy altar of Dithmenos.
  3046 | D:5      | Found a transporter.
  3061 | D:5      | Found a transporter.
  3067 | D:5      | Reached skill level 6 in Axes
  3067 | D:5      | Reached skill level 5 in Armour
  3071 | D:5      | Killed DavidChitty2's ghost
  3071 | D:5      | Reached skill level 5 in Fighting
  3071 | D:5      | Reached skill level 7 in Axes
  3071 | D:5      | Reached XP level 7. HP: 45/61 MP: 6/6
  3169 | D:5      | Got a crude tin ring
  3171 | D:5      | Identified the ring of Maphyrch {rC++ MP+9 Dex-5 SInv
                  | Stlth+} (You found it on level 5 of the Dungeon)
  3197 | D:5      | Found a glowing golden altar of the Shining One.
  3255 | D:5      | Found an iron altar of Okawaru.
  3285 | D:5      | Got a coiled brass ring
  3286 | D:5      | Identified the ring of the Firefly {rPois MR+ Slay+4} (You
                  | found it on level 5 of the Dungeon)
  3372 | D:5      | Found a runed translucent door.
  3373 | D:5      | Noticed Crazy Yiuf
  3450 | D:5      | Reached XP level 8. HP: 65/68 MP: 7/7
  3682 | D:5      | Killed Crazy Yiuf
  3682 | D:5      | Reached skill level 8 in Axes
  4067 | D:6      | Reached skill level 9 in Axes
  4074 | D:6      | You fall through a shaft for 2 floors!
  4095 | D:8      | Reached XP level 9. HP: 55/75 MP: 8/8
  4303 | D:7      | Reached skill level 10 in Axes
  4499 | D:6      | Noticed Eustachio
  4507 | D:6      | Killed Eustachio
  4639 | D:6      | Learned a level 1 spell: Confusing Touch
  4785 | D:7      | Paralysed by fainting for 6 turns
  4845 | D:7      | Reached skill level 11 in Axes
  4857 | D:7      | Found a staircase to the Ecumenical Temple.
  4868 | Temple   | Entered the Ecumenical Temple
  4875 | Temple   | Became a worshipper of Cheibriados the Contemplative
  5009 | D:7      | Noticed a white ugly thing
  5075 | D:7      | Killed a white ugly thing
  5075 | D:7      | Reached XP level 10. HP: 86/86 MP: 8/10
  5097 | D:7      | Found a basalt altar of Yredelemnul.
  5175 | D:7      | Reached skill level 5 in Dodging
  5175 | D:7      | Reached skill level 1 in Hexes
  5177 | D:7      | Reached skill level 1 in Spellcasting
  5182 | D:7      | Reached skill level 1 in Invocations
  5300 | D:8      | Noticed Joseph
  5309 | D:8      | Killed Joseph
  5418 | D:8      | Reached * piety under Cheibriados
  5618 | D:8      | Found Dohufosi's Food Shoppe.
  5840 | D:9      | Found an ornate altar of the Wu Jian Council.
  5854 | D:9      | Noticed a purple ugly thing
  5862 | D:9      | Killed a purple ugly thing
  5862 | D:9      | Reached skill level 12 in Axes
  5928 | D:9      | Reached ** piety under Cheibriados
  6276 | D:9      | Found a shadowy altar of Dithmenos.
  6293 | D:9      | Found an ornate altar of the Wu Jian Council.
  6293 | D:9      | Found a stormy altar of Qazlal.
  6293 | D:9      | Found a glowing golden altar of the Shining One.
  6299 | D:9      | Found a basalt altar of Yredelemnul.
  6299 | D:9      | Found a burning altar of Makhleb.
  6578 | D:10     | Entered Level 10 of the Dungeon
  6578 | D:10     | Noticed a two-headed ogre
  6583 | D:10     | Killed a two-headed ogre
  6583 | D:10     | Reached *** piety under Cheibriados
  6583 | D:10     | Reached XP level 11. HP: 93/94 MP: 12/12
  6583 | D:10     | Noticed a two-headed ogre
  6591 | D:10     | Killed a two-headed ogre
  6592 | D:10     | Noticed a two-headed ogre
  6602 | D:10     | Killed from afar by an orc priest

Skill      XL: |  1  2  3  4  5  6  7  8  9 10 11 |
---------------+----------------------------------+-----
Fighting       | 4 5 6 7 8 |  8.4
Armour         | 4 5 6 7 8 |  8.6
Shields        | 4 5 6 8 9 |  9.6
Axes           | 4 5 7 9 11 12 | 12.9
Dodging        | 1 2 3 4 5 6 |  6.0
Hexes          | 1 2 |  2.1
Spellcasting   | 1 2 |  2.2
Invocations    | 2 |  2.8

Action                   |  1- 3 |  4- 6 |  7- 9 | 10-12 || total
-------------------------+-------+-------+-------+-------++-------
Melee: War axe           |   125 |   107 |   193 |   164 ||   589
       Headbutt          |    14 |    21 |    46 |    50 ||   131
Evoke: Wand              |       |       |     2 |       ||     2
  Use: Scroll            |     4 |     7 |     4 |     3 ||    18
       Potion            |     1 |     3 |     1 |       ||     5
  Eat: Chunk             |     2 |     1 |     6 |     3 ||    12
       Ration            |       |     1 |     1 |       ||     2
Armor: Scale mail        |    75 |       |       |       ||    75
       Chain mail        |       |    62 |    26 |       ||    88
       Plate armour      |       |       |   108 |    76 ||   184
Dodge: Dodged            |    49 |    20 |    54 |    49 ||   172
Block: Shield            |    59 |    50 |   122 |    42 ||   273
       Large shield      |       |       |       |    98 ||    98
